 Dungeon Crawl Stone Soup version 0.16-a0-2038-g968ce0a (webtiles) character file.

539 thegroundistoosoft the Insei (level 7, 0/52 HPs)
             Began as a Mummy Monk on Nov 10, 2014.
             Shot with an arrow by a centaur (13 damage)
             ... on level 6 of the Dungeon.
             The game lasted 00:28:33 (6891 turns).

thegroundistoosoft the Insei (Mummy Monk)           Turns: 6891, Time: 00:28:33

Health: 0/52       AC:  4    Str: 17    XL:     7   Next: 5%
Magic:  7/7        EV: 14    Int:  9    God:
Gold:   257        SH:  0    Dex: 16    Spells: 0 memorised, 6 levels left

rFire  x . .     SeeInvis .       - Unarmed
rCold  + . .     Clarity  .     (no armour)
rNeg   + + +     SustAb   .     (no shield)
rPois  +         Gourm    .     f - +0 helmet
rElec  .         Spirit   .     (no cloak)
rCorr  .         Warding  .     (no gloves)
rMut   .         Stasis   .     g - +2 pair of boots
MR     .....                    (no amulet)
Stlth  ++........               (no ring)
                                e - +3 ring of strength

@: not resistant to hostile enchantments, unstealthy
A: no food or potions, fire vulnerability, restore body, cold resistance 1,
negative energy resistance 3, poison resistance, torment resistance, unbreathing
a: no special abilities


You were on level 6 of the Dungeon.
You were not hungry.

You visited 1 branch of the dungeon, and saw 6 of its levels.

You collected 257 gold pieces.


Innate Abilities, Weirdness & Mutations

You do not eat or drink.
Your flesh is vulnerable to fire.
Your flesh is cold resistant.
You are immune to negative energy.
Your system is resistant to poisons.
You are immune to unholy pain and torment.
You can survive without breathing.


   Skills:
 - Level 3.0 Fighting
 + Level 3.7 Dodging
 - Level 1.5 Stealth
 - Level 6.4 Unarmed Combat


You had 6 spell levels left.
You didn't know any spells.

Inventory:

Armour
 f - a +0 helmet (worn)
 g - a +2 pair of boots (worn)
Jewellery
 e - a +3 ring of strength (left hand)
Magical devices
 i - a wand of frost (3)
Scrolls
 c - a scroll of amnesia
 d - 3 scrolls of remove curse
 j - a scroll of magic mapping
Potions
 a - a potion of might {unknown}
Comestibles
 b - a bread ration
 k - 3 fruits (quivered)
 l - a slice of pizza

Dungeon Overview and Level Annotations

Branches:
Dungeon (6/15)
 Temple: D:4-7

Altars:
Ashenzari
Dithmenos
Okawaru
Qazlal
Zin
The Shining One

Annotations:
D:3 remember there's lava upstaris
D:4 exclusions: worker ant and 1 more exclusion
D:5 exclusion: jelly, Blork the orc

............#
.?...........
....K........
........#...##.#
...............#
........#<#.#..##
.........(....c....
#...##.(##...#..z
#.@.....#...
#...#..........
##..##........ #...
..#...( #.#. .##...
..#. .# . .. .. ..
. #. # .


You could see a centaur and a kobold.


Message History

The puff of flame hits you! The fire burns you terribly!
The orc wizard looks braver.
You swing at nothing.
You swing at nothing.
You swing at nothing.
The orc wizard casts a spell at you. The magic dart hits you!
The orc wizard gestures at you while chanting.
The magic dart hits you!
Read which item? (? for menu, Esc to quit)
Okay, then.
Things that are here:
a dagger; an orc corpse
There is a stone staircase leading down here.
You climb downwards.
A kobold, a centaur and a wight come into view.
Found a scroll labeled ODAPSU SI XYRPH and 26 bolts.
There is a stone staircase leading up here.
Here: a centaur (resting)
The floor.
Unknown command.
The kobold shouts!
The kobold wields a hand crossbow.
The kobold shoots a bolt.
The bolt hits you.
You see here a bolt.
The centaur wields a shortbow.
The centaur shoots an arrow.
The arrow hits you!
* * * LOW HITPOINT WARNING * * *
You see here an arrow.
The kobold shoots a bolt.
The bolt closely misses you.
The centaur shoots an arrow.
The arrow hits you!
You die...

Action                   |  1- 3 |  4- 6 |  7- 9 || total
-------------------------+-------+-------+-------++-------
Melee: Unarmed           |   158 |   266 |     9 ||   433
  Use: Scroll            |       |     9 |       ||     9
 Stab: Sleeping          |     1 |     2 |       ||     3
       Distracted        |       |     1 |       ||     1

Vault maps used:
D:1:      roderic_crop_circles_arrival_small
D:2:      grunt_qazlal_sundering
D:4:      kennysheep_mini_moat, cheibrodos_ashenzari_chains,
          gammafunk_temple_overflow_statue, first_bread, grunt_dithmenos_smoke
D:5:      tso_altar, dk_yredelemnul_ordeal, uniq_blork_the_orc
D:6:      minivault_27

Notes
Turn   | Place    | Note
--------------------------------------------------------------
     0 | D:1      | thegroundistoosoft, the Mummy Monk, began the quest for the Orb.
     0 | D:1      | Reached XP level 1. HP: 18/18 MP: 1/1
     7 | D:1      | Artagel: the ancient curse
     7 | D:1      | Artagel: forever enduring
   391 | D:1      | thegroundistoosoft: to be fair
   391 | D:1      | Skillih: is this some kind of challenge?
   391 | D:1      | thegroundistoosoft: I lost all hope when menkaure beat me up
   391 | D:1      | thegroundistoosoft: no I'm allergic to the silk of robes
   391 | D:1      | thegroundistoosoft: so i can't wear them
   398 | D:1      | Reached XP level 2. HP: 17/24 MP: 2/2
   400 | D:1      | Skillih: rofl
   718 | D:1      | Mulzaro: This game is impossibru with 0 AC
   882 | D:1      | moscheto: said no man ever
  1072 | D:1      | Reached skill level 4 in Unarmed Combat
  1383 | D:1      | Artagel: oh look
  1383 | D:1      | Artagel: bread to throw
  1391 | D:1      | Artagel: cant miss out on that
  1423 | D:1      | thegroundistoosoft: :3
  1509 | D:2      | thegroundistoosoft: HA HA HA
  1546 | D:2      | Artagel: STRONK mummy
  1634 | D:2      | thegroundistoosoft: don't do creatine kids
  1654 | D:2      | Found a stormy altar of Qazlal.
  1667 | D:2      | Reached XP level 3. HP: 22/29 MP: 3/3
  1684 | D:2      | THE BEST
  1936 | D:2      | Artagel: AUX ARMOR
  1936 | D:2      | Artagel: ALERT
  1947 | D:2      | dare not to be running
  1957 | D:2      | thegroundistoosoft: HA HA HA
  1957 | D:2      | thegroundistoosoft: FUCK YES
  2052 | D:2      | Skillih: wot?
  2695 | D:3      | Mulzaro: This combo man
  2695 | D:3      | Reached XP level 4. HP: 27/35 MP: 4/4
  2747 | D:3      | Mulzaro: such strong, much muscle
  2940 | D:3      | thegroundistoosoft: these dungeoneers
  2940 | D:3      | thegroundistoosoft: don't respect the egyptian power
  2940 | D:3      | thegroundistoosoft: but they will
  3039 | D:3      | Artagel: The dungeon is under the domain of the pharoah
  3039 | D:3      | Artagel: They just dont know it yet
  3039 | D:3      | Mulzaro: Pizza throwing mummy
  3039 | D:3      | Mulzaro: shit gets real
  3048 | D:3      | thegroundistoosoft: a what
  3048 | D:3      | Artagel: a what
  3048 | D:3      | Artagel: did they actually make that armor
  3048 | D:3      | Mulzaro: yes
  3048 | D:3      | Mulzaro: it's a super stealth armour
  3048 | D:3      | Mulzaro: There's also a quicksilver dragon armour
  3048 | D:3      | thegroundistoosoft: well fuck the devs
  3150 | D:3      | Reached skill level 5 in Unarmed Combat
  3362 | D:4      | Found a shadowy altar of Dithmenos.
  3641 | D:4      | thegroundistoosoft: goddamn those flashes
  3678 | D:4      | Artagel: Ashenzari warns you: "There's jackals over there"
  3726 | D:4      | thanks
  4000 | D:3      | outskilled
  4149 | D:4      | Found a glowing silver altar of Zin.
  4150 | D:4      | Found an iron altar of Okawaru.
  4183 | D:4      | Found a shattered altar of Ashenzari.
  4507 | D:5      | Entered Level 5 of the Dungeon
  4731 | D:5      | Mulzaro: This is painful
  4732 | D:5      | Mulzaro: :D
  4757 | D:5      | Reached XP level 5. HP: 23/41 MP: 5/5
  4758 | D:5      | thegroundistoosoft: what it is
  4758 | D:5      | thegroundistoosoft: is glorious
  4951 | D:5      | chump
  5126 | D:5      | Skillih: hi
  5126 | D:5      | thegroundistoosoft: fine fuck
  5126 | D:5      | thegroundistoosoft: you can keep the potion
  5533 | D:4      | Reached skill level 6 in Unarmed Combat
  5534 | D:4      | thanks for dying mr ant
  5639 | D:4      | Noticed an ogre
  5672 | D:4      | the gift that keeps giving
  5683 | D:3      | Mulzaro: Which god are you looking for?
  5692 | D:3      | Reached XP level 6. HP: 13/47 MP: 6/6
  5693 | D:3      | Mulzaro: Oka or Ash would have been noice
  5916 | D:3      | thegroundistoosoft: gods
  5916 | D:3      | thegroundistoosoft: HA
  5921 | D:3      | Skillih: #rekt?
  6555 | D:5      | Found a glowing golden altar of the Shining One.
  6580 | D:5      | Noticed Blork the orc
  6586 | D:5      | Noticed a centaur
  6596 | D:5      | Killed a centaur
  6596 | D:5      | Reached skill level 3 in Dodging
  6729 | D:5      | Noticed a necrophage
  6741 | D:5      | Killed a necrophage
  6741 | D:5      | Reached XP level 7. HP: 40/52 MP: 7/7
  6891 | D:6      | Shot with an arrow by a centaur

Vanquished Creatures
  A necrophage (D:5)
  A centaur (D:5)
  A scorpion (D:3)
  A hippogriff zombie (D:5)
  2 orc wizards (D:5)
  3 worker ants
  7 adders
  A shadow imp (D:5)
  A worm (D:3)
  An iguana skeleton (D:2)
  4 giant geckos
  4 orcs (D:5)
  9 bats
  6 giant cockroaches
  14 goblins
  6 hobgoblins
  7 kobolds
  A quokka (D:2)
  4 ball pythons
  2 giant newts
  7 jackals
  A kobold skeleton (D:4)
  5 rats
89 creatures vanquished.
